 Dungeon Crawl Stone Soup version 0.17-a0-1570-g74b7129 (webtiles) character file.

122 zerstiren the Chucker (level 4, -1/30 HPs)
             Began as a High Elf Hunter on July 23, 2015.
             Killed from afar by an orc wizard (2 damage)
             ... with a magic dart
             ... on level 2 of the Dungeon on July 24, 2015.
             The game lasted 00:09:05 (1484 turns).

zerstiren the Chucker (High Elf Hunter)             Turns: 1484, Time: 00:09:07

Health: -1/30      AC:  3    Str: 11    XL:     4   Next: 78%
Magic:  5/5        EV: 13    Int: 14    God:
Gold:   68         SH:  0    Dex: 17    Spells: 0 memorised, 3 levels left

rFire  . . .     SeeInvis .     c - +0 short sword
rCold  . . .     Clarity  .     d - +0 leather armour
rNeg   . . .     SustAt   .     (no shield)
rPois  .         Gourm    .     (no helmet)
rElec  .         Spirit   .     (no cloak)
rCorr  .         Warding  .     (no gloves)
rMut   .         Stasis   .     (no boots)
MR     .....                    (no amulet)
Stlth  ++........               (no ring)
                                k - +2 ring of slaying

@: slowed, very slow, not resistant to hostile enchantments, unstealthy
A: no striking features
a: no special abilities


You were on level 2 of the Dungeon.
You were not hungry.

You visited 1 branch of the dungeon, and saw 2 of its levels.

You collected 68 gold pieces.

Inventory:

Hand weapons
 c - a +0 short sword (weapon)
Armour
 d - a +0 leather armour (worn)
Jewellery
 k - a +2 ring of slaying (left hand)
Scrolls
 g - a scroll of remove curse
Comestibles
 e - 2 bread rations
 f - a royal jelly


   Skills:
 + Level 2.3 Fighting
 + Level 0.2 Short Blades
 + Level 5.9 Throwing
 + Level 1.0 Armour
 + Level 2.8 Dodging
 + Level 1.8 Stealth


You had 3 spell levels left.
You didn't know any spells.

Dungeon Overview and Level Annotations

Branches:
Dungeon (2/15)

Altars:
Ashenzari
Fedhas
Xom


Message History

The orc wizard hits you with a dagger.
You see here a javelin.
You hit the orc wizard but do no damage.
The orc wizard hits you but does no damage.
The orc wizard barely misses you. The orc wizard hits you with a dagger.
* * * LOW HITPOINT WARNING * * *
You barely miss the orc wizard. The orc wizard casts a spell at you.
The magic dart hits you!
* * * LOW HITPOINT WARNING * * *
The orc wizard casts a spell at you.
You feel yourself slow down.
The orc wizard hits you but does no damage.
You hit the orc wizard.
The orc wizard is moderately wounded.
The orc wizard casts a spell.
The orc wizard blinks!
The orc wizard gestures at you while chanting.
The magic dart hits you!
You die...

#.#.## #.#######.# #.#>#
#.........# #.#.#
#####.#.### #.#.# #.#.# ##
#.#.# #.#.# #. #.#.#
####.#.# #) #.#.# #....#.#
#. #####...#########.####.#
#. #.....#.##@o...........#
#.
#.###.....ยง)......######
#.
#.#.<.............########.
#.#.#.....#######..........
#.....#o#.# ###########
###.###.#.# #......#.#
#..#####.# #......#.#


You could see 2 orc wizards.

Vanquished Creatures
  An orc priest (D:2)
  Robin (D:2)
  3 adders (D:2)
  An ooze (D:1)
  An orc (D:2)
  A giant cockroach (D:1)
  12 goblins
  6 hobgoblins
  4 jackals (D:2)
  7 kobolds
  2 quokkas (D:2)
  4 bats
  5 giant newts
  3 rats
51 creatures vanquished.

Notes
Turn   | Place    | Note
--------------------------------------------------------------
     0 | D:1      | zerstiren the High Elf Hunter began the quest for the Orb.
     0 | D:1      | Reached XP level 1. HP: 14/14 MP: 2/2
   313 | D:1      | Reached XP level 2. HP: 19/19 MP: 3/3
   347 | D:1      | Reached skill level 5 in Throwing
   419 | D:2      | Reached XP level 3. HP: 24/24 MP: 4/4
   648 | D:2      | Noticed Robin
   656 | D:2      | Killed Robin
   657 | D:2      | Reached XP level 4. HP: 7/29 MP: 5/5
   671 | D:2      | HP: 1/29 [hobgoblin/club[Robin] (3)]
   803 | D:2      | Found a blossoming altar of Fedhas.
   936 | D:2      | Found a shattered altar of Ashenzari.
  1141 | D:2      | Found a shimmering altar of Xom.
  1469 | D:2      | Reached skill level 1 in Armour
  1483 | D:2      | HP: 1/30 [orc wizard/magic dart (6)]
  1484 | D:2      | Killed from afar by an orc wizard

Vault maps used:
D:1:      grunt_arrival_crossed_arrows
D:2:      old_standard_altar, lemuel_doored_altar, first_bread,
          xom_teletrap_fun, uniq_robin

Action                   |  1- 3 |  4- 6 || total
-------------------------+-------+-------++-------
Melee: Short sword       |    39 |    35 ||    74
Throw: Javelin           |    44 |    18 ||    62
       Throwing net      |     8 |     2 ||    10
  Use: Scroll            |     1 |     4 ||     5
       Potion            |       |     7 ||     7
 Stab: Held in net/web   |     1 |     1 ||     2
  Eat: Bread ration      |       |     1 ||     1
